 Dungeon Crawl Stone Soup version 0.16-a0-747-geaeaf20 (webtiles) character file.

126543 Ratboiler the Cruncher (level 15, 0/134 HPs)
             Began as a Demigod Wanderer on Sept 22, 2014.
             Killed from afar by a greater naga (14 damage)
             ... with a bolt of poison
             ... on Level 5 of the Snake Pit on Sept 23, 2014.
             The game lasted 03:32:35 (39535 turns).

Ratboiler the Cruncher (Demigod Wanderer)          Turns: 39535, Time: 03:32:36

HP   0/134       AC 24     Str 21      XL: 15   Next: 97%
MP  23/23        EV 16     Int 25      God:
Gold 1034        SH  0     Dex 23      Spells:  5 memorised,  1 level left

rFire  + . .     SeeInvis .     a - +9 lajatang "Giese" {flame, rN+}
rCold  + . .     Clarity  .     Q - +0 chain mail {rF+}
rNeg   + . .     rCorr    .     (no shield)
rPois  +         rRot     .     n - +2 hat
rElec  .         Spirit   .     L - +1 cloak {rPois}
SustAb .         Warding  .     J - +2 pair of gloves {Str+3}
rMut   .         Stasis   .     V - +2 pair of boots
Gourm  .                        C - amulet of rage
MR     +....                    h - ring "Lothos" {rC+ Str+3 Dex+1}
                                o - ring "Twiuwes" {Dex+3 Int+3 Regen}

@: exhausted, very slightly contaminated, slowed, constricted, very slow,
somewhat resistant to hostile enchantments, extremely unstealthy
A: molten scales 1, screaming 1, spit poison 1, weak 1, evolution 1
a: Spit Poison, Evoke Berserk Rage


You were on level 5 of the Snake Pit.
You were hungry.

You visited 4 branches of the dungeon, and saw 30 of its levels.
You also visited: Labyrinth, Trove, Sewer and Ice Cave.

You collected 3597 gold pieces.
You spent 2563 gold pieces at shops.

Inventory:

Hand weapons
 a - the +9 lajatang "Giese" (weapon) {flame, rN+}
   (You found it in a labyrinth)

   It emits flame when wielded, causing extra injury to most foes and up to
   double damage against particularly susceptible opponents.
   Big, fiery blades are also staple armaments of hydra-hunters.
   It protects you from negative energy.
 b - a +0 arbalest
Missiles
 B - 4 poisoned bolts
 G - 3 bolts of flame
 O - 237 bolts
 U - 15 bolts of penetration
 W - a javelin (quivered)
 Z - 8 arrows of dispersal
Armour
 n - a +2 hat (worn)
 q - the +0 cloak of the Scribe {rElec rF+}
   (You found it on level 2 of the Snake Pit)

   It protects you from fire.
   It insulates you from electricity.
 z - a +2 pair of gloves of archery
 J - a +2 pair of gloves of strength (worn)
 L - a +1 cloak of poison resistance (worn)
 Q - a +0 chain mail of fire resistance (worn)
 V - a +2 pair of boots (worn)
Magical devices
 c - a wand of heal wounds (7)
 p - a wand of teleportation (4)
 R - a wand of disintegration (7)
Comestibles
 f - 5 bread rations
 w - 5 rotting chunks of salamander flesh
 F - 3 rotting chunks of black mamba flesh
 S - 26 fruits
 T - 2 chunks of black mamba flesh
Scrolls
 g - a scroll of vulnerability
 k - 7 scrolls of teleportation
 m - a scroll of identify
 y - 3 scrolls of enchant armour
 D - 5 scrolls of remove curse
 H - a scroll of summoning
 I - 5 scrolls of fear
 X - a scroll of fog
Jewellery
 d - an uncursed ring of regeneration
 h - the ring "Lothos" (right hand) {rC+ Str+3 Dex+1}
   (You found it in a labyrinth)

   [ring of protection from cold]

   It affects your strength (+3).
   It affects your dexterity (+1).
   It protects you from cold.
 o - the ring "Twiuwes" (left hand) {Dex+3 Int+3 Regen}
   (You found it in a treasure trove)

   [ring of regeneration]

   It affects your intelligence (+3).
   It affects your dexterity (+3).
   It increases your rate of regeneration.
 s - an uncursed amulet of clarity
 v - an uncursed ring of protection from cold
 x - an uncursed ring of fire
 C - an amulet of rage (around neck)
Potions
 e - 4 potions of resistance
 i - 2 potions of berserk rage
 j - 3 potions of cancellation
 t - a potion of flight
 u - a potion of might
 A - a potion of curing
 M - a potion of haste
 N - a potion of invisibility
 P - a potion of mutation
Miscellaneous
 l - a phial of floods
 E - a legendary deck of summonings {the Bones}
 K - a crystal ball of energy


   Skills:
 + Level 12.4 Fighting
   Level 1.0 Short Blades
 - Level 14.2 Staves
 - Level 12.0 Crossbows
 + Level 11.8 Armour
 + Level 11.6 Dodging
 - Level 1.0 Stealth
 - Level 3.1 Necromancy
 - Level 1.0 Evocations


You had one spell level left.
You knew the following spells:

 Your Spells              Type           Power        Failure   Level  Hunger
a - Animate Skeleton      Necr           N/A          21%         1    ##.....
b - Apportation           Tloc           #.........   75%         1    ##.....
c - Regeneration          Chrm/Necr      #.........   93%         3    ####...
d - Phase Shift           Tloc           #.........   100%        5    ######.
e - Flight                Chrm/Air       #.........   99%         3    ####...


Dungeon Overview and Level Annotations

Branches:
Dungeon (13/15)            Temple (0/1) D:4             Orc (4/4) D:12
    Elf (0/3) Orc:4          Lair (8/8) D:9          Shoals (0/5) Lair:6
  Snake (5/5) Lair:3        Slime (0/6) Lair:6
 Vaults: D:13-14

Shops:
D:5 :   D:7 ([   D:9 (}   Orc:4 =}}:=   Snake:2 [

Annotations:
D:3 ThermosAquaticus' ghost, average OpSu


Innate Abilities, Weirdness & Mutations

You are partially covered in molten scales (AC +1).
You occasionally shout uncontrollably at your foes.
You can spit poison.
You are weak. (Str -2)
You evolve.


Message History

The naga ritualist begins to radiate toxic energy.
The naga mage barely misses you.
The greater naga hits you from afar with a spear.
* * * LOW HITPOINT WARNING * * *
Drink which item? (? for menu, Esc to quit)
You feel much better.
The water moccasin hisses angrily.
* * * LOW HITPOINT WARNING * * *
The naga mage gestures at you while chanting.
The bolt of poison hits the naga.
The bolt of poison hits you! You resist.
* * * LOW HITPOINT WARNING * * *
The greater naga gestures at you while chanting.
The bolt of poison misses you.
The bolt of poison hits the naga.
The bolt of poison hits the naga mage.
The naga warrior misses you. The naga hits you with a scimitar.
* * * LOW HITPOINT WARNING * * *
The naga grabs you. The naga constricts you.
The greater naga points at you and mumbles some strange words.
The bolt of poison hits the naga.
The bolt of poison hits you! You resist.
You die...

### #######....
###.......... ###
#............. ....
...N..### ## .....
....##.#.######.##N......
..S. ##S...φ..N#@.#
...##........NNN####
N.##.........NNN...##
..##.......N..NN.....# S
.#.......N.(N.......
.##...................
#.............#.....
#...N........N. ..%.
##............... ...


You could see 2 naga warriors, 2 greater nagas, a naga sharpshooter, a naga
ritualist, 3 naga magi and 4 nagas.

Vanquished Creatures
  6 greater nagas
  The ghost of RobertPalmer the Blocker, a mighty OpIE of Gozag (IceCv)
  Maud (Lair:7)
  Aizul (Snake:2)
  A minotaur (Lab)
  An ogre mage (D:13)
  The ghost of Ladykiller69 the Cleaver, a powerful FoFi of Cheibriados (D:11)
  4 naga warriors
  4 hydras
  The ghost of Screech the Ducker, an experienced TrMo of Qazlal (Lair:1)
  Erica (D:13)
  A centaur warrior (D:12)
  4 anacondas
  4 death yaks (Lair:8)
  3 shock serpents
  2 orc high priests
  10 naga sharpshooters
  Nergalle (Lair:5)
  A sun demon (Orc:4)
  An ice devil (Orc:3)
  A salamander mystic (Snake:3)
  3 ice statues (IceCv)
  An unseen horror (D:11)
  3 naga ritualists
  2 orc knights
  9 mana vipers
  A cyclops (D:12)
  3 hill giants
  7 orc sorcerers
  An oklob plant (Lair:4)
  A griffon (Lair:5)
  7 salamanders
  A centaur zombie (D:11)
  21 elephants
  27 black mambas
  4 guardian serpents
  An item mimic (Snake:1)
  A feature mimic (Snake:3)
  16 spiny frogs
  8 naga magi
  Psyche (Orc:3)
  3 kobold demonologists
  A gargoyle (D:11)
  2 fire drakes
  6 komodo dragons
  2 hydra zombies
  2 polar bears
  6 trolls
  A two-headed ogre (Orc:2)
  6 blink frogs
  A trapdoor spider (Lab)
  2 deep elf magi
  A basilisk (Lair:8)
  2 hill giant zombies
  30 yaks
  5 vampire mosquitoes (Lair:8)
  2 wyverns
  A hill giant skeleton (D:9)
  2 wargs
  7 hippogriffs
  3 hungry ghosts
  14 wolves
  8 porcupines
  A tengu zombie (D:11)
  33 nagas
  29 orc warriors
  14 water moccasins
  An ogre skeleton (D:12)
  22 ice beasts
  A yellow wasp (D:7)
  3 black bears
  17 ogres
  5 phantoms
  5 centaurs
  2 boring beetles (Lair:4)
  A manticore zombie (D:10)
  9 crocodiles
  A big kobold (D:11)
  A brain worm (D:11)
  19 giant frogs
  An eye of draining (D:10)
  A cyclops skeleton (D:10)
  3 scorpions
  12 killer bees
  2 hippogriff skeletons
  A troll skeleton (D:9)
  A goliath beetle (D:8)
  4 crimson imps
  44 orc priests
  9 hounds
  3 gnoll shamans
  Crazy Yiuf (D:4)
  An iron imp (D:5)
  5 jellies
  A giant frog skeleton (D:9)
  40 orc wizards
  6 iguanas
  A killer bee zombie (D:11)
  10 sheep
  7 worker ants
  Jessica (D:3)
  20 adders
  44 green rats
  18 gnolls
  A gnoll skeleton (D:6)
  3 shadow imps
  3 giant mites
  An inept feature mimic (D:2)
  A goliath beetle zombie (D:5)
  3 worms
  2 adder skeletons (D:4)
  An iguana zombie (D:5)
  6 giant geckos
  An ooze (D:6)
  173 orcs
  8 giant cockroaches
  33 goblins
  25 hobgoblins
  9 jackals
  5 quokkas
  3 ball pythons
  14 bats
  4 giant newts
  A goblin skeleton (D:5)
  A goblin zombie (D:5)
  A hobgoblin skeleton (D:4)
  4 hobgoblin zombies (D:5)
  15 kobolds
  4 kobold skeletons (D:5)
  2 kobold zombies (D:5)
  2 orc skeletons
  2 orc zombies
  20 rats
  A fungus (Lair:2)
  A plant (Lair:8)
1025 creatures vanquished.

Vanquished Creatures (collateral kills)
  A fire dragon (D:11)
  5 naga warriors
  2 hydras
  An anaconda (Snake:1)
  A shock serpent (Snake:4)
  A naga ritualist (Snake:3)
  2 mana vipers
  A cyclops (D:12)
  4 salamanders
  An ugly thing (D:11)
  9 elephants
  9 black mambas
  A smoke demon (D:11)
  A polar bear (Lair:8)
  2 naga magi (Snake:3)
  5 spiny frogs (Lair:8)
  3 komodo dragons
  2 fire drakes
  A hellwing (D:11)
  A giant leech (Lair:8)
  A steam dragon (Lair:5)
  12 blink frogs
  A basilisk (Lair:5)
  8 yaks
  A wraith (D:11)
  A hippogriff (Lair:7)
  2 wolves (Lair:3)
  6 water moccasins
  12 nagas
  A naga skeleton (Snake:4)
  2 orc warriors
  5 porcupines
  An ice beast (D:9)
  An ogre (D:4)
  3 crocodiles
  8 giant frogs
  2 electric eels (Lair:8)
  A jelly (D:4)
  4 orc wizards
  2 orc priests
  A worker ant (D:11)
  10 sheep
  3 adders
  10 green rats
  A shadow imp (D:11)
  A worm (D:6)
  An ufetubus (D:11)
  23 orcs
  A hobgoblin (Orc:3)
  3 kobolds (D:11)
  2 spectral orcs (Lair:5)
  2 butterflies
  3 fungi (Lair:8)
  8 plants (Lair:8)
196 creatures vanquished.

Vanquished Creatures (others)
  An eldritch tentacle (Lair:7)
  3 anaconda skeletons
  A shock serpent skeleton (Snake:1)
  2 hydra skeletons
  8 black mamba skeletons
  A hill giant skeleton (D:11)
  A porcupine (Lair:2)
  9 spiny frog skeletons
  7 blink frog skeletons
  A human skeleton (D:13)
  8 elephant skeletons
  2 fire drake skeletons
  3 komodo dragon skeletons
  3 salamander skeletons
  5 water moccasin skeletons
  8 yak skeletons
  A troll skeleton (D:12)
  3 hippogriff skeletons
  3 wolf skeletons (Lair:5)
  11 giant frog skeletons
  2 black bear skeletons (D:9)
  2 porcupine skeletons
  3 crocodile skeletons
  A steam dragon skeleton (Lair:5)
  A hound skeleton (D:6)
  27 naga skeletons
  2 ogre skeletons
  27 orc skeletons
  A sheep skeleton (Lair:7)
  2 adder skeletons
  A gnoll skeleton (D:4)
  An iguana skeleton (Lair:4)
  2 orcs
  A gnoll zombie (D:8)
  A giant cockroach zombie (D:4)
  A hobgoblin skeleton (D:4)
  A jackal skeleton (D:4)
  A kobold skeleton (D:7)
  A quokka skeleton (Lair:3)
  85 eldritch tentacle segments (Lair:7)
  6 fungi
  A plant (Lair:8)
251 creatures vanquished.

Grand Total: 1472 creatures vanquished

Notes
Turn   | Place    | Note
--------------------------------------------------------------
     0 | D:1      | Ratboiler, the Demigod Wanderer, began the quest for the Orb.
     0 | D:1      | Reached XP level 1. HP: 22/22 MP: 2/2
   355 | D:1      | Reached XP level 2. HP: 26/28 MP: 3/3
  1069 | D:2      | Reached XP level 3. HP: 26/34 MP: 5/5
  1909 | D:3      | Found a glowing drain.
  1920 | D:3      | Reached XP level 4. HP: 31/41 MP: 7/7
  1977 | Sewer    | Entered a sewer
  2324 | Sewer    | Noticed a big kobold
  2877 | D:3      | Noticed ThermosAquaticus' ghost (average OpSu)
  3356 | D:3      | Found a white marble altar of Elyvilon.
  3405 | D:3      | Noticed Jessica
  3414 | D:3      | Killed Jessica
  3521 | D:4      | Found a staircase to the Ecumenical Temple.
  3713 | D:4      | Learned a level 1 spell: Animate Skeleton
  3778 | D:4      | Reached XP level 5. HP: 47/47 MP: 8/8
  3918 | D:4      | Found a white marble altar of Elyvilon.
  3927 | D:4      | Found a shimmering altar of Xom.
  4047 | D:4      | Noticed Crazy Yiuf
  4061 | D:4      | Killed Crazy Yiuf
  4061 | D:4      | Reached skill level 1 in Necromancy
  4266 | D:4      | Noticed an ice beast
  4397 | D:4      | Reached skill level 5 in Crossbows
  4633 | D:4      | Reached XP level 6. HP: 53/53 MP: 11/11
  4797 | D:4      | Killed an ice beast
  4818 | D:5      | Entered Level 5 of the Dungeon
  4925 | D:5      | Reached skill level 6 in Crossbows
  5206 | D:4      | Reached XP level 7. HP: 60/60 MP: 13/13
  5316 | D:5      | Found a glowing golden altar of the Shining One.
  5444 | D:5      | Reached skill level 7 in Crossbows
  5723 | D:5      | Found Truttakh's Book Shop.
  5986 | D:5      | Reached skill level 8 in Crossbows
  5988 | D:5      | Reached XP level 8. HP: 41/67 MP: 14/14
  6230 | D:6      | Reached skill level 9 in Crossbows
  6720 | D:6      | Reached skill level 1 in Staves
  6720 | D:6      | Reached skill level 1 in Dodging
  7363 | D:6      | Found a basalt altar of Yredelemnul.
  7774 | D:7      | Found Pishak's Weapon Boutique.
  7784 | D:7      | Reached skill level 5 in Fighting
  7792 | D:7      | Found Kuatujigg's Armour Shoppe.
  7811 | D:7      | Bought a +2 pair of gloves of strength for 279 gold pieces
  7961 | D:7      | Bought a +1 cloak of poison resistance for 175 gold pieces
  8007 | D:7      | Reached XP level 9. HP: 74/74 MP: 16/16
  8282 | D:7      | Learned a level 1 spell: Apportation
  8428 | D:7      | Found an opulent altar of Gozag.
  8504 | D:7      | Got a slimy ring mail
  8515 | D:7      | Identified the +3 ring mail of the Heavens {Int-2} (You found it on level 7 of the Dungeon)
  8786 | D:7      | Found a blossoming altar of Fedhas.
  8797 | D:7      | Found a shadowy altar of Dithmenos.
  9949 | D:9      | Found Uwaawkot's Gadget Shop.
  9995 | D:9      | Found Hanapputoa's Antique Weapon Shop.
 10007 | D:9      | Reached skill level 5 in Staves
 11011 | D:9      | Reached XP level 10. HP: 68/84 MP: 18/18
 11090 | D:9      | Found a staircase to the Lair.
 11395 | Lair:1   | Entered Level 1 of the Lair of Beasts
 11397 | Lair:1   | Upgraded the game from 0.16-a0-734-gc254e8c to 0.16-a0-747-geaeaf20
 11576 | Lair:1   | Noticed Screech's ghost (experienced TrMo)
 12071 | Lair:1   | Got an encrusted dagger
 12072 | Lair:1   | Identified the +1 dagger "Beetleslayer" {venom, +Inv} (You found it on level 1 of the Lair of Beasts)
 12342 | Lair:1   | Reached skill level 5 in Armour
 12511 | Lair:1   | Killed Screech's ghost
 12511 | Lair:1   | Reached skill level 5 in Dodging
 13982 | Lair:2   | Noticed an eight-headed hydra
 14046 | D:10     | Entered Level 10 of the Dungeon
 15066 | D:11     | Noticed Ladykiller69's ghost (powerful FoFi)
 15495 | D:11     | Found a portal to a secret trove of treasure.
 15510 | D:11     | Noticed a red ugly thing
 15587 | D:9      | Bought a runed scythe for 87 gold pieces
 15610 | D:9      | Reached XP level 11. HP: 92/92 MP: 18/18
 15895 | D:11     | Noticed a fire dragon
 16701 | Lair:3   | Found a staircase to the Snake Pit.
 17694 | Lair:4   | Noticed a seven-headed hydra
 18137 | Lair:4   | Noticed a four-headed hydra
 18146 | Lair:4   | Killed a four-headed hydra
 18362 | Lair:4   | Killed a seven-headed hydra
 19128 | Lair:5   | Reached XP level 12. HP: 92/103 MP: 20/20
 19363 | Lair:5   | Reached skill level 10 in Crossbows
 19491 | Lair:5   | Noticed a four-headed hydra
 19496 | Lair:5   | Killed a four-headed hydra
 19521 | Lair:5   | Noticed Nergalle
 19576 | Lair:5   | Reached skill level 10 in Staves
 19578 | Lair:5   | Killed Nergalle
 20974 | Lair:6   | Reached skill level 11 in Crossbows
 21541 | Lair:6   | Found a staircase to the Shoals.
 21557 | Lair:6   | Found a viscous altar of Jiyva.
 21557 | Lair:6   | Found a staircase to the Slime Pits.
 21796 | Lair:7   | Found a labyrinth entrance.
 21857 | Lair:7   | Reached XP level 13. HP: 104/111 MP: 21/21
 21878 | Lab      | Entered a labyrinth
 22118 | Lab      | Got a scintillating turquoise ring
 22133 | Lab      | Identified the ring "Lothos" {rC+ Str+3 Dex+1} (You found it in a labyrinth)
 22138 | Lab      | Got an encrusted lajatang
 22139 | Lab      | Identified the +9 lajatang "Giese" {flame, rN+} (You found it in a labyrinth)
 22180 | Lair:7   | Identified a +1 rod of the swarm (13/13) (You found it on level 5 of the Lair of Beasts)
 22232 | Lair:7   | Noticed a six-headed hydra
 22246 | Lair:7   | Killed a six-headed hydra
 22739 | Lair:7   | Noticed Maud
 22753 | Lair:7   | Killed Maud
 22855 | Lair:7   | Noticed an eldritch tentacle
 22883 | Lair:8   | Entered Level 8 of the Lair of Beasts
 22890 | Lair:7   | Killed an eldritch tentacle
 23207 | Lair:8   | Got a steaming crystal amulet
 23312 | Lair:8   | Reached skill level 10 in Fighting
 23536 | Lair:8   | Reached skill level 12 in Crossbows
 23993 | Lair:8   | Identified the amulet of Iduhaamp {Stasis Stlth+} (You found it on level 8 of the Lair of Beasts)
 24815 | Lair:1   | Learned a level 3 spell: Regeneration
 24820 | Lair:1   | Learned a level 4 spell: Animate Dead
 24976 | D:11     | Killed a red ugly thing
 25379 | D:11     | Noticed a hill giant
 25400 | D:11     | Killed a hill giant
 25497 | D:11     | Killed a fire dragon
 26282 | D:11     | Killed Ladykiller69's ghost
 26547 | D:11     | Reached XP level 14. HP: 122/122 MP: 22/22
 26609 | D:12     | Found a staircase to the Orcish Mines.
 26774 | D:12     | Got a faintly glowing bone ring
 26776 | D:12     | Identified the cursed ring of Saolunku {+Fly Str+2} (You found it on level 12 of the Dungeon)
 27662 | Orc:1    | Entered Level 1 of the Orcish Mines
 27878 | D:5      | Bought a book of Dreams for 1050 gold pieces
 27886 | D:5      | Learned a level 5 spell: Phase Shift
 27890 | D:5      | Learned a level 3 spell: Flight
 28063 | D:11     | You paid a toll of a book of Dreams to enter a treasure trove
 28064 | Trove    | Entered a treasure trove
 28079 | Trove    | Got a shimmering copper ring
 28080 | Trove    | Identified the ring of the Invisible Hand {Str+3 Int-3 Regen} (You found it in a treasure trove)
 28082 | Trove    | Got a slimy lapis lazuli ring
 28084 | Trove    | Identified the ring "Busaxoq" {Wiz Str+3 Stlth-} (You found it in a treasure trove)
 28091 | Trove    | Got a faintly glowing steel ring
 28093 | Trove    | Identified the ring "Twiuwes" {Dex+3 Int+3 Regen} (You found it in a treasure trove)
 28097 | Trove    | Got a heavily runed ivory ring
 28100 | Trove    | Identified the ring "Stacuaw" {-Cast Regen} (You found it in a treasure trove)
 28116 | Trove    | Got a warped lead ring
 28117 | Trove    | Identified the ring "Qudeav" {rC- Regen} (You found it in a treasure trove)
 28531 | Orc:1    | Found a bloodstained altar of Trog.
 29335 | Orc:3    | HP: 5/122 [orc high priest/divine providence (13)]
 29532 | Orc:3    | Gained mutation: You are weak. (Str -2) [a neqoxec]
 30124 | Orc:3    | Found a bloodstained altar of Trog.
 30128 | Orc:3    | Noticed Psyche
 30136 | Orc:3    | Killed Psyche
 30761 | Orc:4    | Entered Level 4 of the Orcish Mines
 30761 | Orc:4    | Found a staircase to the Elven Halls.
 31101 | Orc:4    | Reached skill level 10 in Armour
 31453 | Orc:4    | Found Zauc's Jewellery Boutique.
 31453 | Orc:4    | Found Schest's Gadget Shop.
 31454 | Orc:4    | Found Amochaso's Gadget Shop.
 31458 | Orc:4    | Found Hoexuuta's Book Boutique.
 31486 | Orc:4    | Bought a wand of heal wounds (5) for 648 gold pieces
 31486 | Orc:4    | Bought a wand of teleportation (5) for 324 gold pieces
 31631 | Orc:4    | Found Ynuugrep's Jewellery Shop.
 31869 | Orc:4    | Found a roughly hewn altar of Beogh.
 32154 | D:13     | Noticed Erica
 32463 | D:13     | Reached skill level 10 in Dodging
 32491 | D:13     | Found a frozen archway.
 32516 | IceCv    | Entered an ice cave
 32518 | IceCv    | Noticed RobertPalmer's ghost (mighty OpIE)
 32539 | IceCv    | Killed RobertPalmer's ghost
 33017 | D:13     | Killed Erica
 33344 | D:13     | Your ally Erica died
 33617 | Snake:1  | Entered Level 1 of the Snake Pit
 33919 | Snake:1  | Reached skill level 13 in Staves
 34424 | Snake:2  | Got a warped cloak
 34435 | Snake:2  | Identified the +0 cloak of the Scribe {rElec rF+} (You found it on level 2 of the Snake Pit)
 34538 | Snake:2  | Noticed a greater naga
 34539 | Snake:2  | Noticed a greater naga
 34545 | Snake:2  | Noticed a greater naga
 34546 | Snake:2  | Noticed a greater naga
 34875 | Snake:2  | Killed a greater naga
 34875 | Snake:2  | Reached XP level 15. HP: 98/130 MP: 16/23
 34890 | Snake:2  | Noticed Aizul
 34895 | Snake:2  | HP: 4/130 [Aizul (37)]
 35025 | Snake:2  | Killed Aizul
 35034 | Snake:2  | Gained mutation: You can spit poison. [mutagenic meat]
 35035 | Snake:2  | Gained mutation: You occasionally shout uncontrollably at your foes. [mutagenic meat]
 35036 | Snake:2  | Gained mutation: You evolve. [mutagenic meat]
 35316 | Snake:2  | Killed a greater naga
 35499 | Snake:2  | Found Ifu Pam's Armour Emporium.
 35692 | Snake:2  | Killed a greater naga
 35852 | Snake:2  | Killed a greater naga
 36890 | Snake:3  | Reached skill level 14 in Staves
 37503 | Snake:3  | Gained mutation: You are partially covered in molten scales (AC +1). [evolution]
 38796 | Snake:5  | Entered Level 5 of the Snake Pit
 38867 | Snake:5  | Noticed Mara
 38877 | Snake:5  | Noticed Ratboiler's illusion
 39114 | Snake:4  | Noticed Ratboiler's illusion
 39534 | Snake:5  | HP: 6/134 [greater naga/spear (4)]
 39535 | Snake:5  | Killed from afar by a greater naga

Action                   |  1- 3 |  4- 6 |  7- 9 | 10-12 | 13-15 || total
-------------------------+-------+-------+-------+-------+-------++-------
Melee: Short sword       |   211 |       |       |       |       ||   211
       Spear             |    31 |   154 |       |       |       ||   185
       Whip              |    22 |       |       |       |       ||    22
       Quarterstaff      |       |    40 |   333 |   929 |    17 ||  1319
       Lajatang          |       |       |       |       |  1526 ||  1526
 Fire: Hand crossbow     |    11 |    77 |   225 |   107 |    97 ||   517
       Arbalest          |       |       |       |       |    33 ||    33
Throw: Javelin           |       |       |       |     2 |       ||     2
 Cast: Animate Skeleton  |       |     4 |    10 |    65 |   163 ||   242
 Abil: Evoke Berserk Rag |       |       |       |     6 |    21 ||    27
Evoke: Wand              |       |     3 |     1 |     4 |    11 ||    19
  Use: Scroll            |    11 |     5 |     9 |     7 |    26 ||    58
       Potion            |     1 |     2 |       |     4 |    14 ||    21
 Stab: Petrifying        |       |       |     2 |     2 |       ||     4
       Paralysed         |       |       |     1 |    14 |     3 ||    18
       Confused          |       |       |     1 |     3 |       ||     4
       Petrified         |       |       |     1 |       |       ||     1
       Distracted        |       |       |       |     8 |    20 ||    28
  Eat: Chunk             |     4 |     7 |     7 |    28 |    42 ||    88
       Fruit             |       |     1 |       |     5 |     1 ||     7
       Beef jerky        |       |     1 |     1 |     2 |     9 ||    13
       Pizza             |       |     1 |       |     2 |     1 ||     4
       Bread ration      |       |       |     2 |       |     7 ||     9
       Royal jelly       |       |       |     1 |       |       ||     1
       Meat ration       |       |       |       |     1 |     2 ||     3
